Map: Simulacro LE

Players

LowLinK

  • Race: Protoss Protoss
  • League: Platinum
  • Spawn Location: 11:00

xZoso - Winner!

  • Race: Protoss Protoss
  • League: Diamond
  • Spawn Location: 5:00

VOD

Have the link to the VOD?

Description

Time

  • Played on: Feb. 15, 2020, 9:15 a.m.
  • Length: 5:30
Show
View Real Time Build Order
Export as new Build Order

LowLinK Protoss 

Build Orders:  

Get SALT Encoding   

  12  0:02  Probe  
  13  0:14  Probe  
  14  0:19  Pylon  
  14  0:26  Probe  
  15  0:38  Probe (Chrono Boost), Gateway  
  16  0:46  Assimilator  
  16  0:49  Probe (Chrono Boost)  
  17  0:53  Probe (Chrono Boost)  
  18  1:00  Assimilator  
  18  1:04  Probe  
  19  1:16  Probe  
  20  1:25  Cybernetics Core  
  20  1:27  Pylon  
  20  1:28  Probe  
  21  1:55  Warp Gate (Chrono Boost)  
  21  2:00  Gateway  
  21  2:02  Gateway  
  21  2:07  Stalker  
  23  2:09  Pylon  
  23  2:16  Probe  
  24  2:27  Gateway  
  24  2:28  Probe  
  25  2:40  Gateway  
  24  3:22  Pylon  
  24  3:34  Stalker  
  24  3:36  Stalker x2  
  25  3:49  Stalker x2  
  25  3:58  Stalker  
  25  4:04  Stalker x2  
  27  4:14  Stalker x3  
  31  4:27  Stalker  
  31  4:28  Stalker  
  27  4:35  Stalker  
  23  4:58  Probe  
  24  5:09  Stalker  
  24  5:10  Stalker x2  
Show
View Real Time Build Order
Export as new Build Order

xZoso Protoss - Winner!

Build Orders:  

Get SALT Encoding   

  12  0:00  Probe  
  13  0:13  Probe  
  14  0:17  Pylon  
  14  0:25  Probe  
  15  0:35  Gateway  
  15  0:38  Probe  
  16  0:45  Assimilator  
  16  0:50  Assimilator  
  16  0:53  Probe (Chrono Boost)  
  18  1:04  Probe (Chrono Boost)  
  18  1:09  Probe (Chrono Boost)  
  19  1:19  Probe  
  19  1:22  Cybernetics Core  
  20  1:31  Probe  
  21  1:36  Pylon  
  21  1:43  Probe  
  22  1:55  Probe  
  22  1:57  Stalker (Chrono Boost)  
  22  1:58  Stargate  
  25  2:03  Warp Gate  
  27  2:24  Stalker  
  27  2:25  Gateway  
  27  2:43  Pylon, Void Ray (Chrono Boost)  
  31  3:03  Gateway  
  31  3:06  Pylon  
  31  3:18  Void Ray (Chrono Boost)  
  35  3:54  Void Ray (Chrono Boost)  
  37  4:06  Stalker x2  
  37  4:07  Stalker  
  37  4:34  Void Ray (Chrono Boost)  
  37  4:36  Stalker  
  43  4:47  Pylon  
  43  5:06  Stalker x2  
  47  5:10  Stalker  
  49  5:19  Shield Battery  
Tags
 
Add a new tag
Caveats
  • Supply blocks, unpowered buildings, or Contaminate may cause inaccurate times.
  • Supply counts are checked every 10 seconds.